AoeStats
← 一条固执的鱼

African Clearing

503787572Analyzed
3v3 RM · 1mo ago on Sep 2, 2026· 44m 35s· 6 players
Game mode
Random Map
Map size
Normal (6 player)
Population
200
Speed
Normal
Resources
Standard
Victory
Conquest
Starting age
Dark Age
Ending age
Imperial Age
RankedLock teamsTeams togetherTeam positionsShared explorationLock speedFull tech treeHidden civsTurbo modeCheats
Victory
Defeat
🇨🇳 Magyars · China
1212
+18
🇨🇳 Britons · China
1204
+18
🇨🇳 Khmer · China
1190
+19
🇨🇳 Chinese · China
1266
-19
🇨🇳 Huns · China
1259
-19
🇪🇸 Magyars · Spain
1230
-17
Fasces
10:51 Loom
13:12 Feudal Age
14:25 Town Watch
17:46 Double-Bit Axe
20:05 Wheelbarrow
时大爷
6:28 Loom
14:16 Feudal Age
19:12 Castle Age
17:09 Double-Bit Axe
19:18 Fletching
19:35 Scale Barding Armor
20:50 Padded Archer Armor
21:28 Bow Saw
22:11 Bodkin Arrow
23:06 Gold Mining
27:30 Ballistics
31:51 Horse Collar
33:42 Wheelbarrow
34:14 Heavy Plow
38:16 Imperial Age
36:33 Bloodlines
36:31 Marauders
37:34 Chain Barding Armor
37:24 Forging
38:02 Husbandry
38:53 Hand Cart
39:22 Elite Tarkan
40:26 Conscription
40:14 Light Cavalry
41:03 Town Watch
42:10 Plate Barding Armor
44:09 Iron Casting
ROCK
3:03 Loom
13:36 Feudal Age
14:43 Double-Bit Axe
17:57 Castle Age
15:54 Gold Mining
17:28 Stone Mining
17:22 Horse Collar
19:39 Wheelbarrow
19:17 Bow Saw
24:54 Fletching
25:58 Stone Shaft Mining
27:05 Gold Shaft Mining
28:44 Hand Cart
32:08 Imperial Age
30:14 Bodkin Arrow
30:29 Scale Mail Armor
30:40 Forging
31:34 Ballistics
31:36 Padded Archer Armor
32:12 Chain Mail Armor
32:11 Elite Fire Lancer
33:15 Chain Mail Armor
33:17 Squires
33:03 Arson
33:42 Conscription
35:09 Plate Mail Armor
35:15 Iron Casting
35:17 Bracer
36:07 Heavy Rocket Cart
809591945
3:42 Loom
11:50 Feudal Age
12:27 Town Watch
18:53 Bloodlines
19:35 Double-Bit Axe
26:47 Castle Age
25:36 Horse Collar
27:27 Fletching
28:47 Bodkin Arrow
29:29 Bow Saw
29:34 Husbandry
31:04 Ballistics
32:39 Wheelbarrow
32:00 Gold Mining
35:51 Heavy Plow
40:27 Imperial Age
39:23 Padded Archer Armor
39:41 Thumb Ring
41:18 Bracer
41:34 Leather Archer Armor
40:41 Heavy Cavalry Archer
41:47 Parthian Tactics
42:38 Chemistry
43:28 Hand Cart
43:08 Stone Mining
44:33 Crop Rotation
44:43 Ring Archer Armor
44:19 Scale Barding Armor
沉着 冷静
12:15 Feudal Age
15:10 Castle Age
13:05 Double-Bit Axe
13:53 Horse Collar
14:30 Loom
16:07 Bow Saw
20:42 Husbandry
23:36 Bloodlines
27:09 Wheelbarrow
29:06 Imperial Age
26:43 Gold Mining
26:44 Stone Mining
27:04 Heavy Plow
28:05 Gold Shaft Mining
27:22 Town Watch
30:30 Stone Shaft Mining
31:09 Chemistry
30:51 Hand Cart
31:30 Ballistics
31:40 Double Crossbow
32:13 Heavy Scorpion
34:00 Conscription
33:57 Fletching
34:04 Murder Holes
36:30 Coinage
38:17 Bodkin Arrow
40:16 Banking
40:10 Bracer
42:09 Siege Engineers
42:38 Scale Mail Armor
42:49 Forging
44:18 Crop Rotation
44:21 Chain Mail Armor
44:48 Iron Casting
44:22 Pikeman
44:47 Arson
一条固执的鱼
8:39 Loom
15:11 Feudal Age
16:11 Double-Bit Axe
23:36 Castle Age
22:03 Fletching
22:34 Gold Mining
23:54 Padded Archer Armor
24:05 Crossbowman
29:18 Bodkin Arrow
31:31 Horse Collar
36:12 Wheelbarrow
35:46 Heavy Plow
40:25 Imperial Age
38:47 Hand Cart
39:08 Bow Saw
40:50 Leather Archer Armor
41:38 Gold Shaft Mining
40:53 Stone Mining
41:20 Arbalester
42:12 Town Watch
43:40 Two-Man Saw
43:32 Bracer
44:03 Ring Archer Armor
44:16 Ballistics
44:57 Chemistry
Connection lost

Rejoining the realm…

Still unreachable

The connection could not be restored.

Session expired

The server has moved on; the page needs a fresh start.